AoeStats
← DjaFFer

MegaRandom

510148392Analyzed
2v2 RM · 2d ago on Sep 29, 2026· 44m 13s· 4 players
Game mode
Random Map
Map size
Medium (4 player)
Population
200
Speed
Normal
Resources
Standard
Victory
Conquest
Starting age
Dark Age
Ending age
Imperial Age
RankedLock teamsTeams togetherTeam positionsShared explorationLock speedFull tech treeHidden civsTurbo modeCheats
Victory
Defeat
🇨🇳 Goths · China
1143
+17
🇨🇱 Mapuche · Chile
1137
+17
🇩🇰 Mongols · Denmark
1169
-17
🇩🇰 Saracens · Denmark
1163
-17
rower56
1:52 Loom
13:26 Feudal Age
14:38 Double-Bit Axe
14:46 Gold Mining
17:27 Scale Barding Armor
20:23 Castle Age
19:18 Forging
21:14 Pikeman
21:55 Squires
22:31 Scale Mail Armor
23:11 Horse Collar
23:45 Bow Saw
24:10 Fervor
24:36 Chain Mail Armor
34:17 Iron Casting
33:33 Fletching
35:33 Bodkin Arrow
35:45 Anarchy
39:29 Imperial Age
38:40 Wheelbarrow
39:51 Hand Cart
39:08 Man-at-Arms
40:05 Long Swordsman
41:17 Conscription
40:57 Perfusion
42:03 Blast Furnace
41:19 Halberdier
41:26 Elite Huskarl
41:37 Two-Handed Swordsman
45:38 Two-Man Saw
44:40 Heavy Plow
ivancarrascov
7:23 Loom
9:39 Feudal Age
16:15 Castle Age
15:44 Double-Bit Axe
17:20 Wheelbarrow
17:13 Bow Saw
16:58 Pikeman
17:50 Forging
17:40 Scale Mail Armor
24:20 Horse Collar
24:23 Elite Skirmisher
27:09 Fletching
32:56 Town Watch
36:44 Stone Mining
37:41 Hand Cart
39:48 Bodkin Arrow
AupairMann
8:52 Loom
10:51 Feudal Age
19:22 Castle Age
20:02 Bloodlines
20:06 Scale Barding Armor
22:24 Forging
23:22 Double-Bit Axe
26:36 Chain Barding Armor
39:00 Wheelbarrow
38:11 Town Watch
41:04 Imperial Age
39:04 Husbandry
40:25 Fletching
41:14 Iron Casting
41:16 Cavalier
43:05 Fletching
DjaFFer
6:53 Loom
12:06 Feudal Age
16:25 Castle Age
14:32 Fletching
14:42 Padded Archer Armor
17:45 Bodkin Arrow
17:33 Crossbowman
20:07 Town Watch
21:06 Double-Bit Axe
23:53 Wheelbarrow
23:50 Ballistics
24:00 Horse Collar
26:12 Hand Cart
26:17 Heavy Plow
26:37 Bow Saw
28:43 Thumb Ring
38:50 Imperial Age
39:45 Bracer
39:14 Arbalester
40:11 Leather Archer Armor
41:02 Chemistry
Connection lost

Rejoining the realm…

Still unreachable

The connection could not be restored.

Session expired

The server has moved on; the page needs a fresh start.